 Dungeon Crawl Stone Soup version 0.22.1-2-g9c5b331 (webtiles) character file.

654 diana the Slasher (level 7, 0/53 HPs)
             Began as a Demigod Gladiator on Nov 18, 2018.
             Succumbed to a gnoll sergeant's poison
             ... on level 4 of the Dungeon.
             The game lasted 00:06:28 (3496 turns).

diana the Slasher (Demigod Gladiator)               Turns: 3496, Time: 00:06:28

Health: 0/53       AC:  5    Str: 19    XL:     7   Next: 7%
Magic:  9/9        EV: 13    Int: 12    God:
Gold:   259        SH:  0    Dex: 19    Spells: 6/6 levels left

rFire    + + .     SeeInvis .   v - +1 scimitar
rCold    + + .     Gourm    .   (no shield)
rNeg     . . .     Faith    .   b - +0 leather armour
rPois    +         Spirit   .   c - +0 helmet
rElec    +         Reflect  .   l - scarf {rC+ rF+}
rCorr    +         Harm     .   r - +0 pair of gloves
MR       .....                  (no boots)
Stlth    +.........             (no amulet)
HPRegen  0.17/turn              q - ring of flight
MPRegen  0.11/turn              (no ring)

@: lethally poisoned (0 -> -21), about to teleport, resistant, flying, hasted,
drained, very quick
A: high mp 1
a: no special abilities


You were on level 4 of the Dungeon.
You were not hungry.

You visited 1 branch of the dungeon, and saw 5 of its levels.

You collected 259 gold pieces.

Inventory:

Hand Weapons
 a - a +0 long sword
 v - a +1 scimitar (weapon)
Missiles
 d - a throwing net (quivered)
 h - 3 poisoned javelins
Armour
 b - a +0 leather armour (worn)
 c - a +0 helmet (worn)
 l - a scarf of resistance (worn)
 r - a +0 pair of gloves (worn)
Jewellery
 q - a ring of flight (left hand)
Wands
 s - a wand of acid (4)
Scrolls
 g - a scroll of fear
 j - a scroll of amnesia
 t - a scroll of magic mapping {unknown}
 u - a scroll of fog {unknown}
 w - a scroll of random uselessness {unknown}
Potions
 x - a potion of flight
Comestibles
 f - 14 rations


   Skills:
 - Level 1.7(1.5) Fighting
 + Level 7.8(7.5) Long Blades
 - Level 1.7(1.5) Throwing
 - Level 2.6(2.4) Dodging


You had 6 spell levels left.
You didn't know any spells.
Your spell library was empty.

Dungeon Overview and Level Annotations

Branches:
Dungeon (5/15)             Temple (0/1) D:4

Shops:
D:4 %


Innate Abilities, Weirdness & Mutations

You have an increased reservoir of magic. (+10% MP)


Message History

You feel very buoyant.
You fly up into the air.
* * * LOW HITPOINT WARNING * * *
You feel sick.
Sorry, you're not good enough to have a special ability.
As you read the scroll labeled OGIYN TEPNITWA, it crumbles to dust.
You feel blessed for a moment.
It was a scroll of remove curse.
* * * LOW HITPOINT WARNING * * *
You feel sick.
As you read the scroll labeled CIFREHUERO, it crumbles to dust.
You feel strangely unstable.
It was a scroll of teleportation.
* * * LOW HITPOINT WARNING * * *
You feel sick.
As you read the scroll labeled IKOFRY ZUKI, it crumbles to dust.
It is a scroll of enchant weapon.
Your +0 scimitar glows red for a moment.
* * * LOW HITPOINT WARNING * * *
You feel sick.
You eat one of the 15 rations.
That ration really hit the spot!
You die...

..########.............#
#................#####.#
####.########........#.## .# #.#
#............## .#
#.#######..##.###.....########
.###.#...........................
..##......)).....###.....#######.
..........)#..######.............
.#####.###.#..#.@).....########..
)#####.###.#..#.####.#...........
....##...#.#..#.####.#.########..
###.####.#.#...........########..
#.# #.#.##.#.####...#.........
#.# #.#......####.#.....).....
#.# #.####........#...#####...
###.# #.# #.##.#####..<# #...
....# #.# #.....#......# #.#.


There were no monsters in sight!

Vanquished Creatures
  A hungry ghost (D:5)
  An ogre (D:4)
  A gnoll sergeant (D:4)
  A scorpion (D:4)
  A howler monkey (D:4)
  A jelly (D:5)
  2 orc wizards (D:4)
  An iguana (D:5)
  A worker ant (D:4)
  3 adders
  4 oozes
  4 worms
  A dart slug (D:2)
  A leopard gecko (D:4)
  12 orcs
  3 bats
  2 giant cockroaches
  9 goblins
  7 hobgoblins
  8 jackals
  7 kobolds
  2 quokkas
  A ball python (D:4)
  2 frilled lizards
  19 rats
95 creatures vanquished.

Notes
Turn   | Place    | Note
-------+----------+-------------------------------------------
     0 | D:1      | diana the Demigod Gladiator began the quest for the Orb.
     0 | D:1      | Reached XP level 1. HP: 17/17 MP: 3/3
    13 | D:1      | Reached skill level 3 in Long Blades
    54 | D:1      | Reached XP level 2. HP: 24/24 MP: 4/4
   540 | D:1      | Reached XP level 3. HP: 28/29 MP: 5/5
   655 | D:1      | Reached skill level 4 in Long Blades
   996 | D:2      | Found a glowing golden altar of the Shining One.
  1656 | D:2      | Reached XP level 4. HP: 36/36 MP: 6/6
  1925 | D:3      | Found a sparkling altar of Nemelex Xobeh.
  2088 | D:3      | Reached skill level 5 in Long Blades
  2211 | D:4      | Found a staircase to the Ecumenical Temple.
  2527 | D:4      | Reached XP level 5. HP: 37/41 MP: 7/7
  2702 | D:4      | Found Ellazimp's Food Emporium.
  2704 | D:4      | Noticed an ogre
  2715 | D:4      | Killed an ogre
  2715 | D:4      | Reached skill level 6 in Long Blades
  2719 | D:4      | Reached XP level 6. HP: 25/48 MP: 8/8
  3058 | D:5      | Entered Level 5 of the Dungeon
  3086 | D:5      | Noticed a hungry ghost
  3098 | D:5      | Killed a hungry ghost
  3098 | D:5      | Reached skill level 7 in Long Blades
  3489 | D:4      | Reached XP level 7. HP: 13/53 MP: 9/9
  3495 | D:4      | HP: 1/53 [poisoned by a gnoll sergeant]
  3496 | D:4      | Succumbed to a gnoll sergeant's poison

Skill      XL: |  1  2  3  4  5  6 |
---------------+-------------------+-----
Long Blades    | 3 4 5 6 7 |  7.8
Fighting       | |  1.7
Throwing       | |  1.7
Dodging        | |  2.6

Action                   |  1- 3 |  4- 6 |  7- 9 || total
-------------------------+-------+-------+-------++-------
Melee: Long sword        |   139 |    52 |       ||   191
       Scimitar          |       |    76 |       ||    76
Throw: Throwing net      |       |     2 |       ||     2
  Use: Potion            |       |     3 |     3 ||     6
       Scroll            |       |     4 |     3 ||     7
 Stab: Sleeping          |     3 |       |       ||     3
       Held in net/web   |       |     1 |       ||     1
  Eat: Chunk             |     2 |    11 |       ||    13
       Ration            |       |       |     1 ||     1
Armor: Leather armour    |    61 |    23 |       ||    84
Dodge: Dodged            |   133 |    75 |       ||   208
       Rpst.: Long sword |    49 |    11 |       ||    60
       Scimitar          |       |    12 |       ||    12
